 Dungeon Crawl Stone Soup version 0.29-a0-414-g5075937ec3 (webtiles) character file.

Game seed: 12828173726806580583

318848 marklar909 the Warrior (level 20, -3/177 HPs)
             Began as a Palentonga Fighter on May 15, 2022.
             Was the Champion of Qazlal.
             Killed by a malign offering
             ... invoked by a deep elf high priest
              (16 damage)
             ... on level 2 of the Elven Halls on May 16, 2022.
             The game lasted 01:58:31 (60832 turns).

marklar909 the Warrior (Palentonga Fighter)        Turns: 60832, Time: 01:58:32

Health: -3/177     AC: 59    Str: 28    XL:     20   Next: 58%
Magic:  0/30       EV: 11    Int: 19    God:    Qazlal [******]
Gold:   2478       SH: 22    Dex: 22    Spells: 26/33 levels left

rFire   . . .      SeeInvis +   z - +9 morningstar (protect)
rCold   . . .      Faith    .   h - +0 kite shield {reflect}
rNeg    . . .      Spirit   +   v - +8 plate armour of the Northern Lights {Int+5}
rPois   .          Reflect  +   w - +2 helmet
rElec   .          Harm     .   G - +2 cloak {Will+}
rCorr   .          Rampage  .   O - +2 pair of gloves
Will    +++..                   d - +4 barding of the Tick {Str+3 Int+5 Dex+2}
Stlth   ..........              M - amulet of guardian spirit
HPRegen 0.39/turn               W - ring of Fenuif {EV+4 Dex+7 Slay+2}
MPRegen 0.22/turn               X - ring of willpower

@: protected from physical damage, under a protective aura, repel missiles,
curled up
A: large, rugged brown scales 3, see invisible, deformed body, roll 1, armoured
tail, reflexive curl
}: 2/15 runes: serpentine, barnacled
a: Rolling Charge, Renounce Religion, Upheaval, Elemental Force, Disaster Area


You were on level 2 of the Elven Halls.
You worshipped Qazlal.
Qazlal was exalted by your worship.
You visited 8 branches of the dungeon, and saw 36 of its levels.
You also visited: Ossuary.

You collected 4658 gold pieces.
You spent 2180 gold pieces at shops.

Inventory:

Hand Weapons
 z - a +9 morningstar of protection (weapon)
 B - a +2 flail of holy wrath
Missiles
 J - 10 throwing nets
Armour
 d - the +4 barding of the Tick (worn) {Str+3 Int+5 Dex+2}
   (You acquired it on level 1 of the Dungeon)

   Str:       It affects your strength (+3).
   Int:       It affects your intelligence (+5).
   Dex:       It affects your dexterity (+2).
 h - a +0 kite shield of reflection (worn)
 v - the +8 plate armour of the Northern Lights (worn) {Int+5}
   (You bought it in a shop on level 4 of the Snake Pit)

   Int:       It affects your intelligence (+5).
 w - a +2 helmet (worn)
 G - a +2 cloak of willpower (worn)
 O - a +2 pair of gloves (worn)
Jewellery
 E - a ring of positive energy
 M - an amulet of guardian spirit (around neck)
 U - a ring of willpower
 W - the ring of Fenuif (left hand) {EV+4 Dex+7 Slay+2}
   (You found it on level 6 of the Lair of Beasts)

   [ring of evasion]

   EV:        It affects your evasion (+4).
   Dex:       It affects your dexterity (+7).
   Slay:      It affects your accuracy & damage with ranged weapons and melee
   (+2).
 X - a ring of willpower (right hand)
Wands
 n - a wand of iceblast (22)
 D - a wand of flame (12)
 I - a wand of mindburst (8)
 N - a wand of digging (6)
 P - a wand of acid (18)
Scrolls
 a - 2 scrolls of enchant weapon
 b - 2 scrolls of fog
 c - 2 scrolls of summoning
 e - 8 scrolls of teleportation
 j - a scroll of brand weapon
 l - 5 scrolls of magic mapping
 q - 5 scrolls of blinking
 y - 25 scrolls of identify
 C - 8 scrolls of amnesia
 K - 9 scrolls of fear
 L - 2 scrolls of poison
Potions
 f - 7 potions of heal wounds
 g - 12 potions of flight
 i - a potion of invisibility
 m - 11 potions of curing
 o - 4 potions of ambrosia
 p - 7 potions of cancellation
 r - 5 potions of haste
 s - a potion of berserk rage
 t - 6 potions of magic
 u - 4 potions of might
 x - 8 potions of lignification
 A - 3 potions of resistance
 F - 10 potions of mutation
Miscellaneous
 Y - a tin of tremorstones (2/2)
 Z - a box of beasts


   Skills:
 * Level 16.5 Fighting
 + Level 0.5(10.6) Axes
 + Level 16.3 Maces & Flails
 + Level 0.5(10.6) Staves
 + Level 0.3(0.5) Slings
 + Level 0.7(0.8) Throwing
 * Level 12.5 Armour
 + Level 7.7 Dodging
 + Level 2.4 Stealth
 + Level 12.7 Shields
 + Level 0.5 Unarmed Combat
 + Level 7.2 Spellcasting
 + Level 0.4 Conjurations
 * Level 9.9 Hexes
 + Level 0.5 Necromancy
 + Level 0.7 Translocations
 * Level 10.8 Transmutations
 * Level 4.8 Earth Magic
 * Level 12.4 Invocations
 + Level 1.3 Evocations


You had 26 spell levels left.
You knew the following spells:

 Your Spells              Type           Power      Damage    Failure   Level
a - Wereblood             Tmut           48%        N/A       1%          2
b - Yara's Violent Unrav  Hex/Tmut       23%        3d10      41%         5

Your spell library contained the following spells:

 Spells                   Type           Power      Damage    Failure   Level
 Beastly Appendage        Tmut           96%        N/A       1%          1
 Confusing Touch          Hex            44%        N/A       6%          3
 Passwall                 Tmut/Erth      30%        N/A       7%          2
 Sandblast                Erth           50%        2d12      16%         1
 Ensorcelled Hibernation  Hex/Ice        50%        N/A       22%         2
 Spider Form              Tmut/Pois      27%        N/A       36%         3
 Dazzling Flash           Conj/Hex       52%        N/A       38%         3
 Inner Flame              Hex/Fire       25%        N/A       41%         3
 Summon Guardian Golem    Hex/Summ       25%        N/A       41%         3
 Apportation              Tloc           18%        N/A       63%         1
 Animate Skeleton         Necr           16%        N/A       67%         1
 Magic Dart               Conj           32%        1d4       67%         1
 Pain                     Necr           32%        1d5       67%         1
 Foxfire                  Conj/Fire      28%        2x1d5     71%         1
 Freeze                   Ice            24%        1d5       75%         1
 Summon Small Mammal      Summ           24%        N/A       75%         1
 Stone Arrow              Conj/Erth      32%        3d9       75%         3
 Ice Form                 Ice/Tmut       27%        N/A       77%         4
 Sublimation of Blood     Necr           8%         N/A       80%         2
 Corpse Rot               Necr/Air       14%        N/A       85%         2
 Call Imp                 Summ           6%         N/A       87%         2
 Poisonous Vapours        Pois/Air       12%        N/A       87%         2
 Vampiric Draining        Necr           8%         2d6       95%         3
 Conjure Flame            Conj/Fire      7%         6-21      97%         3
 Mephitic Cloud           Conj/Pois/Air  7%         N/A       97%         3
 Call Canine Familiar     Summ           6%         N/A       98%         3
 Frozen Ramparts          Ice            12%        1d3       98%         3
 Ozocubu's Armour         Ice            6%         N/A       98%         3
 Swiftness                Air            6%         N/A       98%         3
 Alistair's Intoxication  Tmut/Pois      18%        N/A       98%         5
 Metabolic Englaciation   Hex/Ice        12%        N/A       99%         5
 Airstrike                Air            3%         N/A       100%        4
 Flame Wave               Conj/Fire      7%         2d5       100%        4
 Hailstorm                Conj/Ice       7%         3d4       100%        4
 Iskenderun's Mystic Bla  Conj/Tloc      9%         2d4       100%        4
 Summon Ice Beast         Ice/Summ       6%         N/A       100%        4
 Fireball                 Conj/Fire      3%         3d4       100%        5
 Iskenderun's Battlesphe  Conj           8%         2d6       100%        5
 Conjure Ball Lightning   Conj/Air       3%         3x3d6     100%        6
 Iron Shot                Conj/Erth      8%         9d3       100%        6
 Simulacrum               Ice/Necr       3%         N/A       100%        6
 Starburst                Conj/Fire      3%         6d3       100%        6
 Enfeeble                 Hex            22%        N/A       100%        7
 Orb of Destruction       Conj           4%         9d5       100%        7
 Spellforged Servitor     Conj/Summ      3%         N/A       100%        7
 Summon Hydra             Summ           3%         N/A       100%        7


Dungeon Overview and Level Annotations

Branches:
Dungeon (15/15)            Temple (1/1) D:4            Lair (6/6) D:9
 Shoals (4/4) Lair:3        Snake (4/4) Lair:2        Slime (0/5) Lair:6
    Orc (2/2) D:10            Elf (2/3) Orc:2        Vaults (2/5) D:13
  Crypt (0/3) Vaults:2     Depths (0/4) D:15        Ossuary (visited)

Altars:
Ashenzari
Cheibriados
Dithmenos
Elyvilon
Fedhas
Hepliaklqana
Makhleb
Nemelex Xobeh
Okawaru
Qazlal
Ru
Sif Muna
Trog
Uskayaw
Wu Jian
Xom
Zin
Beogh

Shops:
D:4 *   D:6 ?   D:8 (   D:10 [   D:14 (   D:15 :   Orc:2 ([*::[   Shoals:2 *
Shoals:3 *   Snake:2 **[   Snake:3 !   Snake:4 *[[?

Annotations:
Elf:2 3 runed translucent doors


Innate Abilities, Weirdness & Mutations

You are completely covered in rugged brown scales. (AC +3, +7% HP)
You have supernaturally acute eyesight. (SInv)
Armour fits poorly on your strangely shaped body.
You can roll at nearby foes to attack.
You have a long armoured tail.
You curl defensively after being hit. (AC +7*)


Message History

Unknown command.
You barely miss the +2 vampiric battleaxe.
The +2 vampiric battleaxe is severely damaged.
You block the +2 vampiric battleaxe's attack.
You puncture the +2 vampiric battleaxe!
The +2 vampiric battleaxe is almost destroyed.
The deep elf zephyrmancer mumbles some strange words.
The deep elf zephyrmancer blinks!
You block the +2 vampiric battleaxe's attack.
You thump the +2 vampiric battleaxe!
The +2 vampiric battleaxe falls from the air.
Qazlal accepts your kill.
You impale the deep elf high priest!!
The deep elf high priest is heavily wounded.
The deep elf high priest utters a dark prayer and points at you.
Your life force is offered up.
The deep elf high priest is healed.
The deep elf zephyrmancer is healed.
You impale the deep elf high priest!!
The deep elf high priest is almost dead.
The deep elf high priest utters a dark prayer and points at you.
Your life force is offered up.
* * * LOW HITPOINT WARNING * * *
The deep elf high priest is healed.
The deep elf zephyrmancer is healed.
The deep elf zephyrmancer casts a spell.
The deep elf zephyrmancer blinks!
You hit the deep elf high priest but do no damage.
Your tail-slap misses the deep elf high priest.
The deep elf high priest is heavily wounded.
You bludgeon the deep elf high priest!!
The deep elf high priest is almost dead.
The deep elf high priest utters a dark prayer and points at you.
Your life force is offered up.
* * * LOW HITPOINT WARNING * * *
The deep elf high priest is healed.
You barely miss the deep elf high priest.
You tail-slap the deep elf high priest, but do no damage.
The deep elf high priest is moderately wounded.
The deep elf high priest utters a dark prayer and points at you.
Your life force is offered up.
You die...

########.......#
#.......+ ##'#...### .
### ##.###### .. #.#
##.## ... #.###.## ..e.
..)#)## .$...
..))##############§.....
..)))...........@e......
....##############§...<.
.....# .§... .....##
.... ......# #.. ......#
# #######


You could see a deep elf high priest (brilliance aura) and a deep elf
zephyrmancer (empowered).

Vanquished Creatures
  Sojobo (Vaults:2)
  Saint Roka (Snake:4)
  Vashnia (Snake:3)
  Jorgrun (Lair:3)
  A tentacled monstrosity (Vaults:1)
  A kraken (Shoals:2)
  2 tengu reavers
  An azure jelly (Lair:5)
  A storm dragon (Shoals:4)
  Donald (Elf:1)
  12 nagarajas
  A frost giant (Vaults:2)
  An orc warlord (Orc:1)
  Aizul (Snake:4)
  2 vault wardens
  An ironbound preserver (Vaults:1)
  3 ironbound thunderhulks (Vaults:2)
  Azrael (D:14)
  2 dire elephants
  Snorg (D:14)
  A deep elf death mage (Elf:2)
  The ghost of deadleaves the Severer, a journeyman HOFi of Beogh (D:11)
  2 crystal guardians (Vaults:2)
  A great orb of eyes (shapeshifter) (D:15)
  4 merfolk javelineers
  A fire dragon (Lair:4)
  9 merfolk impalers
  3 yaktaur captains (Vaults:2)
  Josephine (D:14)
  4 boulder beetles
  A deep elf high priest (Vaults:2)
  3 great orbs of eyes
  Erolcha (D:12)
  11 hydras
  3 salamander tyrants
  Erica (D:8)
  A catoblepas (Lair:5)
  A peacekeeper (Vaults:2)
  2 centaur warriors
  2 rakshasas
  10 anacondas
  An anaconda (shapeshifter) (D:12)
  5 two-headed ogres
  3 alligator snapping turtles
  A tengu warrior (D:12)
  16 naga warriors
  2 death knights
  11 dancing weapons
  A satyr (Shoals:3)
  10 merfolk aquamancers
  An ironbound frostheart (Vaults:2)
  A deep troll earth mage (Vaults:2)
  11 death yaks
  18 naga sharpshooters
  8 shock serpents
  6 orc high priests
  5 deep elf knights
  5 deep trolls (Vaults:1)
  2 goliath frogs
  Lodul (D:13)
  6 sea snakes
  5 deep elf archers
  6 bog bodies (Shoals:1)
  A phantasmal warrior (Vaults:2)
  5 naga ritualists
  8 lindwurms
  2 wizards
  A tengu zombie (Vaults:2)
  3 necromancers (Vaults:2)
  7 ironbound convokers
  16 harpies
  17 deep elf zephyrmancers
  7 orc knights
  5 cyclopes
  2 wolf spiders (Lair:3)
  17 deep elf pyromancers
  15 mana vipers
  16 ugly things
  13 manticores
  10 orc sorcerers
  11 salamanders
  A stone giant zombie (Vaults:2)
  A sphinx skeleton (Vaults:2)
  A human skeleton (Vaults:2)
  4 merfolk sirens
  15 elephants
  A titan simulacrum (Vaults:2)
  34 black mambas
  3 guardian serpents
  15 naga magi
  4 vault sentinels
  24 cane toads
  5 water nymphs
  12 rime drakes
  An unseen horror (shapeshifter) (D:13)
  10 komodo dragons
  2 tengu conjurers
  An efreet (D:8)
  8 yaktaurs
  9 trolls
  25 merfolk
  2 polar bears
  3 tyrant leeches (Lair:6)
  13 wind drakes
  2 hornets
  19 blink frogs
  48 slime creatures
  7 snapping turtles
  A jumping spider (Lair:3)
  A shadow (D:12)
  An ettin skeleton (Vaults:2)
  3 spriggans (D:11)
  10 air elementals
  24 water elementals
  6 wraiths
  3 wyverns
  10 steam dragons
  2 fire elementals
  9 vampire mosquitoes
  7 basilisks
  42 yaks
  3 fire bats (Lair:5)
  A redback (Lair:3)
  An elf skeleton (Vaults:2)
  6 wargs
  2 acid dragons
  49 nagas
  20 water moccasins
  6 hell hounds (D:14)
  53 orc warriors
  3 ice beasts (D:6)
  A sky beast (D:8)
  14 ogres
  5 black bears
  5 centaurs
  3 phantoms
  3 kobold brigands
  14 scorpions
  17 bullfrogs
  2 gnoll sergeants (D:10)
  An earth elemental (Elf:1)
  A necrophage (D:5)
  4 wights
  6 killer bees (D:11)
  7 howler monkeys
  8 electric eels
  A lava snake (Lair:3)
  A centaur zombie (Ossuary)
  5 jellies
  4 human zombies (Ossuary)
  14 hounds
  28 orc priests
  6 gnoll shamans
  3 iguanas
  4 hell rats
  26 orc wizards
  4 scorpion zombies (Ossuary)
  4 mummies
  34 gnolls
  11 adders
  2 shadow imps
  3 white imps
  3 ufetubi (D:6)
  A worm (D:4)
  A dart slug (D:1)
  101 orcs
  10 endoplasms
  5 giant cockroaches
  10 hobgoblins
  8 jackals
  13 kobolds
  7 quokkas
  15 ball pythons
  6 bats
  7 frilled lizards
  2 gnoll zombies (Ossuary)
  11 goblins
  3 goblin zombies
  4 hobgoblin zombies (Ossuary)
  5 kobold zombies
  An orc zombie (Ossuary)
  6 rats
  3 tentacles (Shoals:2)
1376 creatures vanquished.

Vanquished Creatures (collateral kills)
  Louise (Snake:4)
  An orc knight (Orc:2)
  A naga (Snake:4)
  An orc warrior (Orc:2)
  2 orc wizards (Orc:2)
  3 orcs (Orc:2)
9 creatures vanquished.

Vanquished Creatures (others)
  A deep elf knight (Elf:2)
  2 harpies
  A deep elf zephyrmancer (Elf:2)
  A steam dragon (Lair:4)
  A gnoll (D:10)
  2 orcs
  22 fungi
  163 plants
  5 tentacles (Shoals:2)
198 creatures vanquished.

Grand Total: 1583 creatures vanquished

Notes
Turn   | Place    | Note
-------+----------+-------------------------------------------
     0 | D:1      | marklar909 the Palentonga Fighter began the quest for the
                  | Orb.
     0 | D:1      | Reached XP level 1. HP: 19/19 MP: 1/1
   150 | D:1      | You fall into a shaft and drop 1 floor!
   252 | D:1      | Reached XP level 2. HP: 25/25 MP: 2/2
  1120 | D:1      | Found a faded altar of an unknown god.
  1155 | D:1      | Reached XP level 3. HP: 31/31 MP: 3/3
  2056 | D:1      | Identified a scroll of acquirement
  2056 | D:1      | Acquired the +4 barding of the Tick {Str+3 Int+5 Dex+2}
  2165 | D:2      | Reached XP level 4. HP: 34/37 MP: 4/4
  2310 | D:2      | Reached skill level 1 in Dodging
  2893 | D:3      | Reached XP level 5. HP: 33/44 MP: 5/5
  3647 | D:4      | Reached skill level 1 in Stealth
  3666 | D:4      | Found a staircase to the Ecumenical Temple.
  3668 | D:4      | Noticed a black bear
  3670 | D:4      | Noticed a phantom
  3736 | D:4      | Reached XP level 6. HP: 29/52 MP: 6/6
  4552 | D:4      | Reached skill level 5 in Fighting
  4787 | D:4      | Found Nexutar's Assorted Antiques.
  4793 | D:4      | Bought a scroll labelled POYLIX IRASA for 25 gold pieces
  4793 | D:4      | Bought a fuming cyan potion for 22 gold pieces
  4836 | D:5      | Entered Level 5 of the Dungeon
  4855 | D:5      | Gained mutation: You curl defensively after being hit. (AC
                  | +7*) [Palentonga growth]
  4855 | D:5      | Reached XP level 7. HP: 59/59 MP: 7/7
  6141 | D:6      | Found a shadowy altar of Dithmenos.
  6206 | D:6      | Reached skill level 5 in Maces & Flails
  6206 | D:6      | Reached XP level 8. HP: 58/68 MP: 8/8
  6885 | D:6      | Noticed a two-headed ogre
  7081 | D:6      | Noticed a manticore
  7219 | D:6      | Found Tegruty's Magic Scroll Shoppe.
  7223 | D:6      | Bought a scroll of teleportation for 33 gold pieces
  7223 | D:6      | Bought 2 scrolls of identify for 44 gold pieces
  7223 | D:6      | Bought a scroll of identify for 22 gold pieces
  7223 | D:6      | Bought a scroll of teleportation for 33 gold pieces
  7304 | D:6      | Learned a level 2 spell: Wereblood
  7346 | D:7      | Reached XP level 9. HP: 74/75 MP: 9/9
  7783 | D:7      | Reached skill level 1 in Transmutations
  8589 | D:7      | Reached skill level 5 in Armour
  8661 | D:7      | Found a broken altar of Ashenzari.
  8996 | Temple   | Entered the Ecumenical Temple
  9088 | Temple   | Became a worshipper of Qazlal Stormbringer
  9286 | D:8      | Found a sand-covered staircase.
  9291 | Ossuary  | Entered an ossuary
  9635 | Ossuary  | Reached * piety under Qazlal
 10153 | D:8      | Found Ymuhoj Cerua's Weapon Boutique.
 10200 | D:8      | Noticed Erica
 10216 | D:8      | Killed Erica
 10217 | D:8      | Reached skill level 5 in Shields
 10217 | D:8      | Reached XP level 10. HP: 26/85 MP: 10/10
 11214 | D:9      | Noticed a two-headed ogre
 11221 | D:9      | Killed a two-headed ogre
 11264 | D:9      | Reached ** piety under Qazlal
 11349 | D:9      | Noticed a five-headed hydra
 11472 | D:9      | Noticed a cyclops
 11496 | D:8      | Killed a cyclops
 11497 | D:8      | Reached skill level 1 in Evocations
 12130 | D:9      | Noticed a centaur warrior
 12140 | D:9      | Killed a centaur warrior
 12344 | D:9      | Noticed a cyclops
 12455 | D:9      | Killed a cyclops
 12467 | D:9      | Noticed a boulder beetle
 12617 | D:9      | Noticed a manticore
 12617 | D:9      | Noticed a cyclops
 13395 | D:6      | Killed a manticore
 13396 | D:6      | Reached XP level 11. HP: 93/93 MP: 11/11
 13456 | D:6      | Killed a two-headed ogre
 13457 | D:6      | Reached skill level 1 in Invocations
 13936 | D:7      | Killed a five-headed hydra
 13937 | D:7      | Reached skill level 10 in Maces & Flails
 14095 | D:9      | Noticed a deep elf pyromancer
 14316 | D:8      | Killed a deep elf pyromancer
 14317 | D:8      | Reached skill level 5 in Transmutations
 14413 | D:9      | Killed a boulder beetle
 14623 | D:9      | Noticed a deep elf pyromancer
 14639 | D:9      | Killed a deep elf pyromancer
 14984 | D:9      | Found a staircase to the Lair.
 15239 | D:9      | Found a sparkling altar of Nemelex Xobeh.
 15239 | D:9      | Found an ornate altar of the Wu Jian Council.
 15592 | D:10     | Entered Level 10 of the Dungeon
 15648 | D:10     | Found a staircase to the Orcish Mines.
 15915 | D:10     | Identified the +4 dagger "Bitwoxoa" {spect, Fragile rCorr
                  | Int+2 SInv}
 15970 | D:10     | Reached *** piety under Qazlal
 16244 | D:10     | Noticed a two-headed ogre
 16275 | D:10     | Killed a two-headed ogre
 16503 | D:10     | Found a burning altar of Makhleb.
 17144 | D:10     | Found Xattetui's Antique Armour Shop.
 17148 | D:10     | Bought a runed chain mail for 157 gold pieces
 17148 | D:10     | Bought a pair of gloves for 94 gold pieces
 17229 | D:10     | Found an iron altar of Okawaru.
 17252 | D:10     | Found a hazy altar of Hepliaklqana.
 17412 | Lair:1   | Entered Level 1 of the Lair of Beasts
 17429 | Lair:1   | Reached skill level 5 in Dodging
 17433 | Lair:1   | Reached XP level 12. HP: 99/102 MP: 14/14
 17494 | Lair:1   | Found a gate leading to a gauntlet.
 17673 | Lair:1   | Reached **** piety under Qazlal
 18734 | Lair:2   | Found a sparkling altar of Nemelex Xobeh.
 18737 | Lair:2   | Noticed a seven-headed hydra
 18756 | Lair:2   | Killed a seven-headed hydra
 18787 | Lair:2   | Reached skill level 10 in Fighting
 18934 | Lair:2   | Noticed a five-headed hydra
 18938 | Lair:2   | Killed a five-headed hydra
 19233 | Lair:2   | Found a staircase to the Snake Pit.
 19654 | Lair:3   | Found a staircase to the Shoals.
 19655 | Lair:3   | Noticed an eight-headed hydra
 19662 | Lair:3   | Killed an eight-headed hydra
 19935 | Lair:3   | Reached skill level 1 in Spellcasting
 20022 | Lair:3   | Reached skill level 1 in Hexes
 20830 | Lair:3   | Found a runed translucent door.
 20975 | Lair:4   | Noticed a seven-headed hydra
 20980 | Lair:4   | Killed a seven-headed hydra
 21214 | Lair:4   | Reached XP level 13. HP: 109/111 MP: 16/16
 21245 | Lair:4   | Noticed a fire dragon
 21256 | Lair:4   | Killed a fire dragon
 21271 | Lair:4   | Reached skill level 5 in Invocations
 21492 | Lair:4   | Reached ***** piety under Qazlal
 23596 | Lair:5   | Noticed an azure jelly
 23996 | Lair:5   | Killed an azure jelly
 24235 | Lair:6   | Entered Level 6 of the Lair of Beasts
 24330 | Lair:5   | Reached XP level 14. HP: 25/120 MP: 6/19
 25193 | Lair:5   | Learned a level 5 spell: Yara's Violent Unravelling
 25394 | Lair:6   | Reached ****** piety under Qazlal
 25813 | Lair:6   | Reached skill level 5 in Hexes
 25844 | Lair:6   | Found a staircase to the Slime Pits.
 26852 | Lair:6   | Identified the ring of Fenuif {EV+4 Dex+7 Slay+2}
 27275 | D:11     | Reached skill level 5 in Spellcasting
 27747 | D:11     | Found a runed translucent door.
 27748 | D:11     | Identified the +8 spear of Instinct {pain, rF+ Will++ Dex-4
                  | SInv}
 27750 | D:11     | Noticed deadleaves's ghost (journeyman HOFi)
 28204 | Lair:3   | Found a runed translucent gate.
 28204 | Lair:3   | Found a runed translucent gate.
 28204 | Lair:3   | Found a runed translucent gate.
 28204 | Lair:3   | Found a runed translucent gate.
 28204 | Lair:3   | Found a runed translucent gate.
 28204 | Lair:3   | Found a runed translucent gate.
 28757 | Orc:1    | Entered Level 1 of the Orcish Mines
 28879 | Orc:1    | Found a burning altar of Makhleb.
 29339 | Orc:2    | Entered Level 2 of the Orcish Mines
 29365 | Orc:2    | Found a staircase to the Elven Halls.
 29379 | Orc:2    | Reached XP level 15. HP: 118/130 MP: 19/22
 29559 | Orc:2    | Noticed an orc warlord
 30016 | Orc:1    | Killed an orc warlord
 30734 | Orc:2    | Found Lamnoroa's Book Emporium.
 30758 | Orc:2    | Found Yras's Antique Armour Shop.
 30841 | Orc:2    | Found Aczil's Book Shoppe.
 31365 | Orc:2    | Found Liusm's General Store.
 31366 | Orc:2    | Found Qism's Book Shoppe.
 31368 | Orc:2    | Found Iribrum's Antique Armour Shoppe.
 31368 | Orc:2    | Found Pusemuv's Antique Weapon Emporium.
 31648 | D:11     | Killed deadleaves's ghost
 32764 | D:13     | Noticed Erolcha
 32764 | D:13     | Noticed Lodul
 32773 | D:12     | Killed Erolcha
 32839 | D:13     | Killed Lodul
 33019 | D:13     | Found a gate to the Vaults.
 33298 | D:13     | Found an ornate altar of the Wu Jian Council.
 33427 | D:14     | Noticed Josephine
 33440 | D:14     | Killed Josephine
 33453 | D:14     | Noticed Azrael
 33470 | D:14     | Killed Azrael
 33618 | D:14     | Found a stormy altar of Qazlal.
 33683 | D:14     | Noticed Snorg
 33703 | D:14     | Killed Snorg
 34072 | D:14     | Found Erahes's Weapon Shoppe.
 34888 | D:15     | Entered Level 15 of the Dungeon
 35000 | D:15     | Found Qiotab's Book Shop.
 35319 | D:15     | Reached skill level 10 in Armour
 35319 | D:15     | Reached XP level 16. HP: 140/140 MP: 25/25
 35713 | D:15     | Found a staircase to the Depths.
 36208 | Snake:1  | Entered Level 1 of the Snake Pit
 36917 | Snake:1  | Got Iceetedgh's Grimoire of Flight and Confrontation
 38202 | Snake:2  | Found Duodghea's Armour Shop.
 38212 | Snake:2  | Found Gynothras's Assorted Antiques.
 38214 | Snake:2  | Found Obuonn's General Store.
 38357 | Snake:2  | Reached skill level 15 in Maces & Flails
 40769 | Snake:3  | Noticed Vashnia
 41114 | Snake:3  | Reached XP level 17. HP: 142/148 MP: 27/27
 41188 | Snake:3  | Found Odile's Distillery.
 41196 | Snake:3  | Bought a potion of experience for 700 gold pieces
 41276 | Snake:3  | Killed Vashnia
 41631 | Orc:2    | Bought a runed helmet for 210 gold pieces
 41908 | Snake:3  | Identified the +6 mace of Hacking and Slashing {freeze,
                  | rPois rC- Str+4}
 42355 | Snake:4  | Entered Level 4 of the Snake Pit
 42383 | Snake:4  | Reached skill level 10 in Invocations
 42707 | Snake:4  | Reached skill level 10 in Shields
 43128 | Snake:4  | Found Xal Ladei's Antique Armour Boutique.
 43129 | Snake:4  | Found Ohalyb's Magic Scroll Boutique.
 43129 | Snake:4  | Found Kiupoe's Assorted Antiques.
 43129 | Snake:4  | Noticed Saint Roka
 44783 | Snake:4  | Killed Saint Roka
 45059 | Snake:4  | Found Hihoarpheloi's Armour Shop.
 45067 | Snake:4  | Noticed Aizul
 45122 | Snake:4  | HP: 3/149 [salamander tyrant (25)]
 45154 | Snake:4  | Noticed Louise
 45227 | Snake:4  | Killed Aizul
 47114 | Snake:4  | Killed Louise
 47271 | Snake:4  | Got a serpentine rune of Zot
 47410 | Snake:4  | Reached XP level 18. HP: 158/158 MP: 28/28
 47451 | Snake:4  | Bought a distressingly furry plate armour for 840 gold
                  | pieces
 47451 | Snake:4  | Identified the +8 plate armour of the Northern Lights
                  | {Int+5} (You bought it in a shop on level 4 of the Snake
                  | Pit)
 48014 | Shoals:1 | Entered Level 1 of the Shoals
 48029 | Shoals:1 | Noticed Jorgrun
 48362 | Lair:3   | Killed Jorgrun
 48427 | Shoals:1 | Reached skill level 15 in Fighting
 49188 | Shoals:2 | Reached XP level 19. HP: 163/165 MP: 29/29
 49817 | Shoals:2 | Found Wuitz's Overcharged Wands.
 49845 | Shoals:2 | You fall into a shaft and drop 1 floor!
 51446 | Shoals:3 | Found Peri's General Store.
 51665 | Shoals:4 | Entered Level 4 of the Shoals
 51971 | Shoals:4 | Reached skill level 1 in Earth Magic
 52225 | Shoals:4 | Paralysed by an air elemental for 1 turns
 52228 | Shoals:4 | Paralysed by an air elemental for 1 turns
 52250 | Shoals:4 | Identified the +8 short sword "Boeji" {vorpal, rF+ rC+
                  | Str-3}
 52253 | Shoals:4 | Identified the +7 rapier of the Scorpion {vorpal, rC+}
 52855 | Shoals:4 | Found a blossoming altar of Fedhas.
 52860 | Shoals:4 | Paralysed by an air elemental for 1 turns
 53595 | Shoals:4 | Found the +3 giant club "Skullcrusher" {speed, Str+7}
 53615 | Shoals:4 | Got a barnacled rune of Zot
 54107 | Vaults:1 | Entered Level 1 of the Vaults
 54166 | Vaults:1 | Reached skill level 10 in Transmutations
 56681 | Vaults:2 | Reached XP level 20. HP: 121/171 MP: 23/30
 57042 | Vaults:2 | Found a staircase to the Crypt.
 57135 | Vaults:2 | Noticed Sojobo
 57633 | Vaults:2 | Killed Sojobo
 59049 | Elf:1    | Entered Level 1 of the Elven Halls
 59114 | Elf:1    | Paralysed by an air elemental for 1 turns
 59129 | Elf:1    | Noticed Donald
 59147 | Elf:1    | Killed Donald
 59766 | Elf:1    | Paralysed by an air elemental for 1 turns
 60212 | Elf:2    | Found a runed translucent gate.
 60212 | Elf:2    | Found a runed translucent gate.
 60212 | Elf:2    | Found a runed translucent gate.
 60809 | Elf:2    | Paralysed by an air elemental for 1 turns
 60813 | Elf:2    | Paralysed by an air elemental for 1 turns
 60832 | Elf:2    | Killed from afar by a deep elf high priest

Illustrated notes

Levels and vault maps discovered:
D:1:      nzn_arrival_depleted_hourglass, layout_basic,
          hellmonk_ecumenical_altar_leap_of_faith, serial_glass,
          glass_columns_a, glass_columns_b, glass_columns_a, glass_columns_c,
          glass_columns_a, glass_columns_a, glass_columns_c, glass_columns_a,
          item_on_display_a, minmay_strange_pillars, item_on_display_a,
          minmay_strange_pillars, minmay_distorted
D:2:      layout_basic, minmay_quadrilaterals
D:3:      minmay_chambers_of_threes, layout_rooms
D:4:      layout_rooms, minmay_temple_entry_slanted, serial_shops,
          kennysheep_little_box
D:5:      layout_basic
D:6:      kennysheep_windowed_halls, layout_basic,
          mainiacjoe_overflow_small_starburst, serial_shops, shop,
          kennysheep_generic_room_14
D:7:      layout_basic, evilmike_ruin_ashenzari, grunt_decor_one_mirror,
          minivault_4, minmay_misc_feat_plants
D:8:      layout_loops_cross, serial_shops, nicolae_shop_bloodbath_and_beyond,
          nicolae_ossuary_entry_giza, minivault_10, uniq_erica
D:9:      layout_basic, amethyst_overflow_temple_binary, dpeg_oklobed_lair,
          minivault_28
D:10:     layout_cave_pools, bloody_makhleb, mainiacjoe_overflow_swirl,
          david_orc_2, serial_gnoll_camp, gnoll_camp_huts_moat,
          gnoll_camp_mini_basic, gnoll_camp_mini_doghouse, gnoll_camp_mini_shop,
          gnoll_camp_mini_loothouse
D:11:     layout_roguey, ebering_ghost_funeral_grove
D:12:     layout_irregular_city, nrook_campfire
D:13:     layout_big_octagon, erik_vaults_1, nzn_wu_jian_council_hall,
          uniq_erolcha, uniq_lodul
D:14:     layout_loops_corners, nicolae_qazlal_scattered_showers, serial_shops,
          shop, serial_bayou_lake_a, uniq_josephine, uniq_azrael, uniq_snorg
D:15:     gammafunk_enter_depths_forms, layout_basic, minmay_misc_feat_alley,
          serial_shops, shop
Temple:   regret_index_temple_waves
Lair:1:   layout_loops_ring, gauntlet_entry_generic
Lair:2:   layout_regular_city, minmay_snake_entry_guardpost_small, basic_altar,
          serial_bayou_pond_b, chequers_serial_rivers_micro_b, minivault_25,
          serial_bayou_shore_b
Lair:3:   gammafunk_indiana_jones, layout_hall_layers, shoals_dummy_entry
Lair:4:   layout_roguey, chequers_serial_rivers_micro_a,
          bobbens_dragon_lair_wall
Lair:5:   layout_hall_layers, nicolae_volcano_entry_batcave,
          eino_small_chamber_without_monster, nicolae_lair_time_for_slime,
          infiniplex_staircase_pool
Lair:6:   minmay_lair_end_frog_pond, layout_concentric_octagons,
          minmay_slime_entry_pillars
Shoals:1: layout_shoals, nicolae_shoals_secluded_bog, uniq_jorgrun
Shoals:2: layout_shoals, nicolae_shop_overcharged_wands
Shoals:3: cheibrodos_shoals_epimethial_gifts, layout_shoals, serial_shops, shop
Shoals:4: shoals_end_hellmonk_storm_palace [storm_palace_center_circular,
          storm_palace_corner_blocked, storm_palace_corner_reverse_hut,
          storm_palace_corner_pillars, storm_palace_corner_altar]
Snake:1:  layout_chambers, statue_in_the_mist_lemuel, nicolae_snake_lava_pool,
          grunt_megastairs_1, serial_bayou_shore_b
Snake:2:  layout_basic, minmay_shop_star, grunt_megastairs_5
Snake:3:  layout_grid_maze, serial_shops, shop, hangedman_corner_corridor,
          uniq_vashnia
Snake:4:  minmay_snake_end_coiled, layout_gridlike, minmay_shoptagon,
          uniq_aizul, uniq_saint_roka, uniq_louise
Orc:1:    layout_caves, basic_altar
Orc:2:    st_orc_congregation, layout_diamond_mine, serial_shops,
          nicolae_shop_hallway_stairs, nicolae_shop_competitors_out_of_business,
          shop
Elf:1:    eino_elf_arrival_customs, layout_gridlike, minmay_elf_crystal_hexagon,
          uniq_donald
Elf:2:    elven_hall_of_blades_hangedman_original
          [nicolae_blade_entry_floor_patterns], layout_geoelf_diagonals,
          minivault_27
Vaults:1: nicolae_vaults_rhombus_5, special_room_vaults [special_room_orc],
          v_misc_30, hangedman_vaults_river_flow, v_misc_15, v_pattern_5,
          nicolae_vaults_gold_heap, nicolae_vaults_rhombus_7, v_misc_18,
          nicolae_vaults_yaktaur_gun_rack, nicolae_vaults_rhombus_5,
          layout_vaults_quadrants
Vaults:2: blue_anna_dwarven_crypt, ontoclasm_vaults_eye, v_misc_19,
          vaults_room_pool, ontoclasm_vaults_fault, hangedman_vaults_variations,
          ontoclasm_vaults_pinch, v_pattern_4, vaults_room_semicircle,
          dpeg_vaults_monster_row, ontoclasm_vaults_idyll, v_misc_26,
          vaults_room_hangedman_quadrants, nicolae_vaults_little_squares_3,
          ontoclasm_vaults_claustrophobia, layout_vaults_omnibox, uniq_sojobo

Skill      XL: |  1  2  3  4  5  6  7  8  9 10 11 12 13 14 15 16 17 18 19 20 |
---------------+-------------------------------------------------------------+-----
Shields        | 3 4 5 6 7 8 9 10 11 12 | 12.7
Dodging        | 1 2 3 4 5 6 7 |  7.7
Fighting       | 4 5 6 7 8 9 10 11 12 13 14 15 16 | 16.5
Maces & Flails | 3 4 5 6 8 9 10 11 12 13 14 15 16 | 16.3
Stealth        | 1 2 |  2.4
Armour         | 3 4 5 6 7 8 9 10 11 12 | 12.5
Transmutations | 2 4 6 7 8 9 10 | 10.8
Evocations     | 1 |  1.3
Invocations    | 3 4 6 7 8 9 10 11 12 | 12.4
Spellcasting   | 1 3 5 6 7 |  7.2
Hexes          | 2 4 5 6 8 9 |  9.9
Earth Magic    | 3 4 |  4.8
Axes           | |  0.5
Staves         | |  0.5
Slings         | |  0.3
Throwing       | |  0.7
Unarmed Combat | |  0.5
Conjurations   | |  0.4
Necromancy     | |  0.5
Translocations | |  0.7

Action                   |  1- 3 |  4- 6 |  7- 9 | 10-12 | 13-15 | 16-18 | 19-21 || total
-------------------------+-------+-------+-------+-------+-------+-------+-------++-------
Melee: Flail             |    98 |   202 |   412 |       |       |       |       ||   712
       Tailslap          |     7 |    21 |    69 |    80 |   267 |   239 |   277 ||   960
       Morningstar       |       |       |    70 |   542 |  1312 |   626 |  1208 ||  3758
       Mace              |       |       |       |       |       |   424 |       ||   424
Throw: Throwing net      |       |       |     1 |       |       |       |       ||     1
       Dart              |       |       |     1 |     4 |       |       |       ||     5
 Cast: Wereblood         |       |       |       |     9 |    38 |    16 |     9 ||    72
Invok: Upheaval          |       |       |       |     1 |     7 |     6 |     4 ||    18
       Elemental Force   |       |       |       |       |     1 |     4 |     1 ||     6
       Disaster Area     |       |       |       |       |       |     2 |       ||     2
 Abil: Rolling Charge    |       |       |     1 |     5 |     2 |     1 |       ||     9
Evoke: Wand              |       |     5 |     4 |    10 |       |     1 |       ||    20
       Tin of tremorston |       |       |       |       |       |       |     2 ||     2
  Use: Potion            |     3 |     1 |       |     3 |     1 |    11 |     1 ||    20
       Scroll            |     3 |     8 |     9 |    19 |     5 |    10 |     2 ||    56
 Stab: Paralysed         |       |       |       |       |     1 |     1 |       ||     2
       Distracted        |       |       |       |       |       |     3 |       ||     3
Armor: Scale mail        |    73 |   146 |   401 |    11 |       |   157 |       ||   788
       Acid dragon scale |       |       |       |   435 |   647 |    17 |       ||  1099
       Chain mail        |       |       |       |       |       |   108 |       ||   108
       Plate armour      |       |       |       |       |       |    72 |   568 ||   640
Dodge: Dodged            |    38 |    80 |   197 |   192 |   524 |   384 |   327 ||  1742
       Repelled          |       |       |       |     1 |    11 |    60 |    17 ||    89
Block: Buckler           |    14 |    58 |   141 |   294 |   895 |   204 |       ||  1606
       Kite shield       |       |       |       |       |       |   828 |  1179 ||  2007
       Other             |       |       |       |       |       |     3 |       ||     3
       Reflection        |       |       |       |       |       |       |     3 ||     3

Table legend: (Time is in decaauts)
 A = Elapsed time spent in this place.
 B = Non-inter-level travel time spent in this place.
 C = Inter-level travel time spent in this place.
 D = Time resting spent in this place.
 E = Time spent auto-exploring this place.
 F = Levels seen in this place.
 G = Mean time per level.
                   A        B        C        D        E       F      G
               +--------+--------+--------+--------+--------+-----+--------+
         Total |  60776 |  54324 |   6452 |  16598 |  28092 |  37 | 1642.6 |
       Dungeon |  22998 |  20396 |   2602 |   5707 |  10949 |  15 | 1533.2 |
        Temple |    102 |      6 |     96 |      0 |      0 |   1 |  102.0 |
          Lair |  11698 |  10175 |   1523 |   2965 |   5632 |   6 | 1949.7 |
        Shoals |   5673 |   5134 |    539 |   1762 |   2403 |   4 | 1418.2 |
     Snake Pit |  10200 |   9312 |    888 |   3830 |   3914 |   4 | 2550.0 |
  Orcish Mines |   2902 |   2668 |    234 |   1004 |   1085 |   2 | 1451.0 |
   Elven Halls |   1733 |   1656 |     77 |     41 |   1309 |   2 |  866.5 |
        Vaults |   4743 |   4253 |    490 |   1051 |   2564 |   2 | 2371.5 |
       Ossuary |    722 |    722 |      0 |    238 |    235 |   1 |  722.0 |
               +--------+--------+--------+--------+--------+-----+--------+

Top non-repeatable levels by time:
 Snake:3: 4456 daAuts
     D:8: 3087 daAuts
Vaults:1: 2649 daAuts
  Lair:5: 2544 daAuts
     D:6: 2361 daAuts
 Snake:4: 2141 daAuts
    D:10: 2095 daAuts
Vaults:2: 2093 daAuts
  Lair:2: 2061 daAuts
 Snake:2: 2042 daAuts
  Lair:4: 1978 daAuts
  Lair:3: 1881 daAuts
Shoals:4: 1847 daAuts
     D:1: 1828 daAuts
     D:7: 1810 daAuts
